 Dungeon Crawl Stone Soup version 0.32-a0-612-g1c984fe9d1 (webtiles) character file.

Game seed: 7977200215337787669

994 Ambrosia the Ducker (level 8, 0/60 HPs)
             Began as a Coglin Gladiator on Mar 4, 2024.
             Was an Initiate of Ru.
             Succumbed to a water moccasin's poison
             ... on level 5 of the Dungeon.
             The game lasted 00:10:17 (3978 turns).

Ambrosia the Ducker (Coglin Gladiator)              Turns: 3978, Time: 00:10:17

Health: 0/60       AC:  9    Str: 15    XL:     8   Next: 19%
Magic:  8/8        EV: 12    Int:  7    God:    Ru [......]
Gold:   135        SH:  4    Dex: 18    Spells: 7/7 levels left

rFire   . . .        a - +0 long sword {Belessunu}
rCold   . . .        h - +0 rapier {Masaaki}
rNeg    . . .        f - +0 scale mail
rPois   .            c - +0 helmet
rElec   .            i - +0 cloak
rCorr   .            (no gloves)
SInv    .            (no boots)
Will    .....        (amulet unavailable) Stlth
                     (ring unavailable)
HPRegen 0.30/turn    (ring unavailable)
MPRegen 0.11/turn    (no gizmo)

%: no passive effects
@: lethally poisoned (0 -> -9), revving
A: off-hand wielding, slow wielding, warmup strikes, no jewellery, large bone
plates 1, subdued magic 1, noise suppression
a: Invent Gizmo, Renounce Religion


You were on level 5 of the Dungeon.
You worshipped Ru.
Ru was noncommittal.
You visited 2 branches of the dungeon, and saw 6 of its levels.

You collected 135 gold pieces.


Innate Abilities, Weirdness & Mutations

You can wield a second weapon in your off-hand.
It takes a long time for you to wield or remove held weapons.
Your first few attacks do less damage.
You cannot equip rings or amulets.
You are partially covered in large bone plates. (SH +4)
Your spells are a little easier to cast, but a little less powerful.
You passively dampen the noise of your surroundings.


   Skills:
 + Level 4.0 Fighting
 + Level 4.6 Long Blades
 - Level 1.7 Throwing
 * Level 4.6 Armour
 * Level 5.7 Dodging


You had 7 spell levels left.
You didn't know any spells.
Your spell library contained the following spells:

 Spells                   Type           Power      Damage    Failure   Level
 Freeze                   Ice            0%         1d3       83%         1
 Frozen Ramparts          Ice            0%         1d1       99%         3
 Hailstorm                Conj/Ice       0%         3d5       99%         3

Inventory:

Hand Weapons
 a - a +0 long sword (weapon) {Belessunu}
 h - a +0 rapier (offhand) {Masaaki}
   (You found it on level 2 of the Dungeon)
Missiles
 d - 2 throwing nets (quivered) {=f!f}
Armour
 c - a +0 helmet (worn)
 f - a +0 scale mail (worn)
   (You found it on level 4 of the Dungeon)
 i - a +0 cloak (worn)
   (You found it on level 3 of the Dungeon)
Scrolls
 m - a scroll of vulnerability
Potions
 g - a potion of cancellation

Dungeon Overview and Level Annotations

Branches:
Dungeon (5/15) Zot: 26071  Temple (1/1) D:4 Zot: 5912

Altars:
Ashenzari
Cheibriados
Dithmenos
Elyvilon
Fedhas
Gozag
Kikubaaqudgha
Makhleb
Nemelex Xobeh
Okawaru
Qazlal
Ru
Sif Muna
Trog
Vehumet
Xom
Zin
The Shining One

Shops:
D:2 =   D:4 [

Annotations:
D:5 2 transporters, DaftaChap's ghost, novice FoFi

......#...#.. ...#
.....#©(.#######..
...!.#..)#.......#
ß#..#..#..#
.###.Z#..##.######.#
.....Z#..###.......#
.....Z#..##..#######
#######..#....#
.......@†.#
.....##.#.#
#######.#.# ..#.#
#.##.# #. ..# #. #..
.. #..


There were no monsters in sight!


Message History

You feel sick.
The water moccasin closely misses you. 😕 HP[-2]
You take 2 damage, and now have 52/60 hp.
Unknown command.
You feel sick. The water moccasin closely misses you.
The water moccasin barely misses you.
You hit the water moccasin with your +0 long sword.
You hit the water moccasin with your +0 rapier.
You feel sick.
The water moccasin bites you but does no damage. x2 😕 HP[-1]
You take 1 damage, and now have 51/60 hp.
You barely miss the water moccasin with your +0 long sword.
You miss the water moccasin with your +0 rapier.
You feel sick.
The water moccasin bites you but does no damage. 😕 HP[-1]
You take 1 damage, and now have 50/60 hp.
You hit the water moccasin with your +0 rapier.
You completely miss the water moccasin with your +0 long sword.
You feel sick. The water moccasin bites you.
You are more poisoned.
The water moccasin poisons you! The water moccasin bites you!
You are more poisoned.
The water moccasin poisons you! 😮 HP[-9]
You take 9 damage, and now have 41/60 hp.
You are too injured to fight recklessly!
You are too injured to fight recklessly!
You are too injured to fight recklessly!
You hit the water moccasin with your +0 long sword.
You miss the water moccasin with your +0 rapier.
You feel extremely sick. The water moccasin bites you.
You are lethally poisoned!
The water moccasin poisons you! 😮 HP[-9]
You take 9 damage, and now have 32/60 hp.
Unknown command.
Okay, then.
Throw: 3 throwing nets {=f!f}
Press: ? - help, Q - select action, (/) - cycle Shift-Dir - straight line, f - water moccasin
Aim: a water moccasin (almost dead, 40% to hit)
You throw a throwing net {=f!f}.
The throwing net {=f!f} hits the water moccasin.
The water moccasin is caught in the net!
* * * LOW HITPOINT WARNING * * *
You feel extremely sick.
The water moccasin struggles against the net. x2 😨 HP[-8]
You take 8 damage, and now have 24/60 hp.
Hit: a) +0 long sword {Belessunu}
Press: ? - help, Dir - move target, f/p - water moccasin
Aim: a water moccasin (almost dead, entangled in a net, about 13% to evade your +0 long sword)
You strike the helpless water moccasin from behind!
You hit the water moccasin with your +0 long sword.
You kill the water moccasin!
* * * LOW HITPOINT WARNING * * *
You feel extremely sick.
Your Fighting skill increases to level 4! 😨 HP[-7]
You take 7 damage, and now have 17/60 hp.
Okay, then.
It was a potion of attraction.
You feel attractive to monsters.
* * * LOW HITPOINT WARNING * * *
You feel very sick. 😱 HP[-5]
You take 5 damage, and now have 12/60 hp.
Unknown command.
It was a potion of cancellation.
Your magical effects are unravelling.
You feel magically purged.
* * * LOW HITPOINT WARNING * * *
You feel very sick.
You feel less attractive to monsters. 😱 HP[-4]
You take 4 damage, and now have 8/60 hp.
Okay, then.
Okay, then.
Really quaff the potion of mutation?
You feel extremely strange.
You feel your surroundings grow quieter.
Your connection to magic feels subdued.
Large bone plates grow over parts of your arms.
* * * LOW HITPOINT WARNING * * *
You feel very sick. 😱 HP[-3]
You take 3 damage, and now have 5/60 hp.
Unknown command.
Okay, then.
There is nothing to cancel.
You are wearing that object!
* * * LOW HITPOINT WARNING * * *
You feel sick.
You see here a water moccasin corpse. 😱 HP[-2]
You take 2 damage, and now have 3/60 hp.
You die...
Ru respects your ultimate sacrifice.

Skill      XL: |  1  2  3  4  5  6  7  8 |
---------------+-------------------------+-----
Dodging        | 3 4 5 |  5.7
Armour         | 1 2 3 4 |  4.6
Fighting       | 3 4 |  4.0
Long Blades    | 4 |  4.6
Throwing       | |  1.7

Action                     |  1- 3 |  4- 6 |  7- 9 || total
---------------------------+-------+-------+-------++-------
  Melee: Long sword        |    69 |   100 |    37 ||   206
         Dagger            |    27 |       |       ||    27
         Hand axe          |    25 |       |       ||    25
         Rapier            |    12 |    98 |    35 ||   145
  Throw: Throwing net      |       |     4 |     4 ||     8
         Javelin           |       |     1 |       ||     1
  Evoke: Wand              |       |       |     3 ||     3
    Use: Scroll            |     2 |     5 |     1 ||     8
         Potion            |       |     3 |     5 ||     8
   Stab: Sleeping          |     1 |     1 |       ||     2
         Held in net/web   |       |     6 |     1 ||     7
 Armour: Leather armour    |    57 |    43 |       ||   100
         Scale mail        |       |    29 |    38 ||    67
         Skin              |       |       |     1 ||     1
  Dodge: Dodged            |    40 |    88 |    29 ||   157

Levels and vault maps discovered:
D:1:      dpeg_arrival_stonehenge_12_columns, layout_loops_ring, serial_forest,
          infiniplex_forest_clump_small, infiniplex_forest_end_1,
          infiniplex_forest_end_3, infiniplex_forest_straight_3,
          infiniplex_forest_lined_2, infiniplex_forest_clump_large,
          infiniplex_forest_end_1
D:2:      layout_basic, serial_rivers, chequers_serial_rivers_micro_a,
          chequers_serial_rivers_micro_d, chequers_serial_rivers_small_b,
          chequers_serial_rivers_micro_c, serial_shops, shop,
          grunt_ministairs_8, uniq_natasha
D:3:      layout_basic, hellmonk_ecumenical_altar_crossroads, st_stairs_3,
          hellmonk_no_cap
D:4:      minmay_angry_zag, layout_basic, mainiacjoe_overflow_24_doors,
          overflow_temple_1_default, mainiacjoe_overflow_boulevard,
          minmay_temple_entry_drinking_statues, nicolae_inconvenience_store,
          kennysheep_generic_room_7
D:5:      layout_loops_ring, nicolae_hepliaklqana_hazy_memory,
          gammafunk_ghost_mausoleum, serial_shops, nicolae_stop_n_shop_2,
          st_stairs_14, uniq_duvessa, uniq_prince_ribbit1,
          uniq_crazy_yiuf_cottage
Temple:   nicolae_temple_superstar

Notes
Turn   | Place    | Note
-------+----------+-------------------------------------------
     0 | D:1      | Ambrosia the Coglin Gladiator began the quest for the Orb.
     0 | D:1      | Reached XP level 1. HP: 16/16 MP: 1/1
     0 | D:1      | magus.rc [v1.11.6]
     0 | D:1      | magus.rc [v1.11.6]
   127 | D:1      | Reached XP level 2. HP: 22/22 MP: 2/2
   207 | D:1      | Reached skill level 3 in Dodging
   241 | D:1      | Reached skill level 1 in Armour
   734 | D:1      | Reached XP level 3. HP: 27/27 MP: 3/3
  1185 | D:2      | Found Sivuh's Jewellery Boutique.
  1294 | D:2      | You fall into a shaft and drop 1 floor!
  1307 | D:3      | Reached XP level 4. HP: 34/34 MP: 4/4
  1320 | D:3      | You add the spells Freeze, Frozen Ramparts and Hailstorm to
                  | your library.
  1342 | D:3      | HP: 8/34 [ribbon worm (2)]
  1347 | D:3      | HP: 4/34 [poisoned by an adder]
  1355 | D:3      | HP: 5/34 [frozen (1)]
  1509 | D:3      | Found a faded altar of an unknown god.
  1744 | D:3      | Reached skill level 2 in Armour
  1926 | D:3      | Reached XP level 5. HP: 33/39 MP: 5/5
  2326 | D:4      | Reached skill level 3 in Fighting
  2326 | D:4      | Reached skill level 4 in Dodging
  2326 | D:4      | Reached XP level 6. HP: 36/47 MP: 6/6
  2538 | D:4      | Found a radiant altar of Vehumet.
  2590 | D:4      | Reached skill level 3 in Armour
  2696 | D:4      | Found a stormy altar of Qazlal.
  2802 | D:4      | Found a staircase to the Ecumenical Temple.
  2811 | Temple   | Entered the Ecumenical Temple
  2884 | Temple   | Became a worshipper of Ru the Awakened
  2988 | D:4      | HP: 8/47 [wight/+4 halberd (4)]
  2989 | D:4      | Reached skill level 4 in Long Blades
  2996 | D:4      | Reached XP level 7. HP: 17/52 MP: 7/7
  3292 | D:4      | Found a bloodstained altar of Trog.
  3454 | D:4      | Found Giyk's Armour Shop.
  3576 | D:4      | Reached skill level 5 in Dodging
  3716 | D:5      | Entered Level 5 of the Dungeon
  3724 | D:5      | Reached skill level 4 in Armour
  3738 | D:5      | Noticed Prince Ribbit
  3758 | D:5      | HP: 8/53 [Prince Ribbit (9)]
  3771 | D:5      | Killed Prince Ribbit
  3772 | D:5      | Reached XP level 8. HP: 31/60 MP: 8/8
  3934 | D:5      | Found a transporter.
  3937 | D:5      | Noticed DaftaChap's ghost (novice FoFi)
  3941 | D:5      | Found a transporter.
  3974 | D:5      | Reached skill level 4 in Fighting
  3974 | D:5      | HP: 12/60 [poisoned by a water moccasin]
  3976 | D:5      | Gained mutation: You passively dampen the noise of your
                  | surroundings. [potion of mutation]
  3976 | D:5      | Gained mutation: Your spells are a little easier to cast,
                  | but a little less powerful. [potion of mutation]
  3976 | D:5      | Gained mutation: You are partially covered in large bone
                  | plates. (SH +4) [potion of mutation]
  3976 | D:5      | HP: 5/60 [poisoned by a water moccasin]
  3978 | D:5      | Succumbed to a water moccasin's poison

Vanquished Creatures
  Prince Ribbit (D:5)
  A water moccasin (D:5)
  A black bear (D:4)
  An ogre (D:4)
  A phantom (D:5)
  A scorpion (D:4)
  A wight (D:4)
  2 hounds (D:4)
  2 sleepcaps (D:3)
  An iguana (D:4)
  An orc wizard (D:4)
  3 gnolls (D:4)
  5 adders
  2 ribbon worms (D:3)
  12 orcs
  6 endoplasms
  3 giant cockroaches
  4 goblins
  5 hobgoblins
  9 jackals
  6 quokkas
  7 ball pythons
  3 bats
  2 frilled lizards
  6 kobolds
  7 rats
93 creatures vanquished.

Table legend:
 A = Non-vault XP
 B = Vault XP
 C = Vault XP percentage of total XP
 D = Non-vault monster count
 E = Vault monster count
 F = Vault count percentage of total count
                 A         B        C        D         E       F
            +---------+---------+-------+---------+---------+-------
      Total |     827 |     593 |  41.8 |      83 |      10 |  10.8
            +---------+---------+-------+---------+---------+-------
        D:1 |      40 |       0 |   0.0 |      24 |       0 |   0.0
        D:2 |      38 |       0 |   0.0 |      10 |       0 |   0.0
        D:3 |      84 |      79 |  48.5 |      24 |       4 |  14.3
        D:4 |     407 |     246 |  37.7 |      23 |       5 |  17.9
        D:5 |     258 |     268 |  51.0 |       2 |       1 |  33.3
            +---------+---------+-------+---------+---------+-------

Skill      XL: |  1  2  3  4  5  6  7  8 |
---------------+-------------------------+-----
Dodging        | 3 4 5 |  5.7
Armour         | 1 2 3 4 |  4.6
Fighting       | 3 4 |  4.0
Long Blades    | 4 |  4.6
Throwing       | |  1.7

Action                     |  1- 3 |  4- 6 |  7- 9 || total
---------------------------+-------+-------+-------++-------
  Melee: Long sword        |    69 |   100 |    37 ||   206
         Dagger            |    27 |       |       ||    27
         Hand axe          |    25 |       |       ||    25
         Rapier            |    12 |    98 |    35 ||   145
  Throw: Throwing net      |       |     4 |     4 ||     8
         Javelin           |       |     1 |       ||     1
  Evoke: Wand              |       |       |     3 ||     3
    Use: Scroll            |     2 |     5 |     1 ||     8
         Potion            |       |     3 |     5 ||     8
   Stab: Sleeping          |     1 |     1 |       ||     2
         Held in net/web   |       |     6 |     1 ||     7
 Armour: Leather armour    |    57 |    43 |       ||   100
         Scale mail        |       |    29 |    38 ||    67
         Skin              |       |       |     1 ||     1
  Dodge: Dodged            |    40 |    88 |    29 ||   157

Illustrated notes

Table legend:
 A = Kills in this place as a percentage of kills in the entire game.
 B = Kills by you in this place as a percentage of kills by you in the entire game.
 C = Kills by friends in this place as a percentage of kills by friends in the entire game.
 D = Other kills in this place as a percentage of other kills in the entire game.
 E = Experience gained in this place as a percentage of experience gained in the entire game.
 F = Experience gained in this place divided by the number of levels of this place that you have seen.
                   A       B       C       D       E      F
               +-------+-------+-------+-------+-------+----------------------
         Total | 100.0 | 100.0 |   N/A |   N/A | 100.0 | 236.7
       Dungeon | 100.0 | 100.0 |   N/A |   N/A | 100.0 | 284.0
               +-------+-------+-------+-------+-------+----------------------

Table legend: (Time is in decaauts)
 A = Elapsed time spent in this place.
 B = Non-inter-level travel time spent in this place.
 C = Inter-level travel time spent in this place.
 D = Time resting spent in this place.
 E = Time spent auto-exploring this place.
 F = Levels seen in this place.
 G = Mean time per level.
                   A        B        C        D        E       F      G
               +--------+--------+--------+--------+--------+-----+--------+
         Total |   4016 |   3793 |    223 |    491 |   2690 |   6 |  669.3 |
       Dungeon |   3928 |   3786 |    142 |    491 |   2690 |   5 |  785.6 |
        Temple |     87 |      6 |     81 |      0 |      0 |   1 |   87.0 |
               +--------+--------+--------+--------+--------+-----+--------+

Top non-repeatable levels by time:
     D:4: 1331 daAuts
     D:3: 1025 daAuts
     D:1: 988 daAuts
     D:2: 318 daAuts
     D:5: 264 daAuts
  Temple: 87 daAuts
